 Dungeon Crawl Stone Soup version 0.18-a0-337-g1235303 (webtiles) character file.

42 Raultor the Changer (level 3, -4/23 HPs)
             Began as an Octopode Transmuter on Nov 28, 2015.
             Slain by a gnoll (9 damage)
             ... on level 2 of the Dungeon.
             The game lasted 00:02:42 (1324 turns).

Raultor the Changer (Octopode Transmuter)           Turns: 1324, Time: 00:02:42

Health: -4/23      AC:  2    Str: 10    XL:     3   Next: 54%
Magic:  1/6        EV: 19    Int: 15    God:
Gold:   27         SH:  0    Dex: 17    Spells: 2 memorised, 2 levels left

rFire  . . .     SeeInvis .       - Unarmed
rCold  . . .     Clarity  .     (shield currently unavailable)
rNeg   . . .     SustAt   .     (helmet currently unavailable)
rPois  x         Gourm    .     (no amulet)
rElec  .         Spirit   .     (no ring)
rCorr  .         Warding  .     (no ring)
rMut   .         Stasis   .     (no ring)
MR     .....                    (no ring)
Stlth  ++........               (no ring)
                                (no ring)
                                (no ring)
                                (no ring)

@: spider-form, not resistant to hostile enchantments, unstealthy
A: almost no armour, amphibious, 8 rings, (constrict 8), (camouflage 0),
(gelatinous body 0)
a: End Transformation


You were on level 2 of the Dungeon.
You were not hungry.
You were a venomous arachnid creature.
You visited 1 branch of the dungeon, and saw 2 of its levels.

You collected 27 gold pieces.

Inventory:

Hand Weapons
 b - a +0 hunting sling
Missiles
 a - 12 arrows
 k - 19 sling bullets
Scrolls
 e - a scroll of amnesia {unknown}
 g - a scroll of remove curse {unknown}
 l - a scroll of enchant weapon {unknown}
Potions
 f - a potion of heal wounds {unknown}
 i - a potion of curing {unknown}
 j - a potion of flight {unknown}
Books
 h - a book of Changes

   Spells                             Type                      Level
   a - Beastly Appendage              Transmutation                1
   b - Sticks to Snakes               Transmutation                2
   c - Spider Form                    Transmutation/Poison         3
   d - Ice Form                       Ice/Transmutation            4
   e - Blade Hands                    Transmutation                5
Comestibles
 d - a meat ration


   Skills:
 - Level 1.0 Fighting
 - Level 2.0 Dodging
 - Level 3.0 Unarmed Combat
 - Level 2.0 Spellcasting
 + Level 3.8 Transmutations


You had 2 spell levels left.
You knew the following spells:

 Your Spells              Type           Power        Failure   Level  Hunger
a - Beastly Appendage     Trmt           ##....       17%         1    #......
b - Spider Form           Trmt/Pois      #.........   56%         3    ###....


Dungeon Overview and Level Annotations

Branches:
Dungeon (2/15)

Altars:


Innate Abilities, Weirdness & Mutations

You cannot wear most types of armour.
You are amphibious.
You can wear up to eight rings at the same time.
((You can use your tentacles to constrict eight enemies at once.))
((Your skin changes colour to match your surroundings (Stealth).))
((Your rubbery body absorbs attacks (AC +1).))


Message History

There is a stone staircase leading up here.
The gnoll misses you.
You hit the gnoll.
The gnoll is poisoned.
The gnoll is moderately wounded.
The gnoll closely misses you. The gnoll misses you.
You hit the gnoll.
The gnoll is almost dead.
The gnoll hits you from afar with a spear!
The gnoll hits you with a whip!
* * * LOW HITPOINT WARNING * * *
You are too injured to fight recklessly!
You kill the gnoll!
There is a stone staircase leading up here.
Your transformation has ended.
Casting: Spider Form
Confirm with . or Enter, or press ? or * to list all spells.
You turn into a venomous arachnid creature.
The gnoll completely misses you. The gnoll hits you!
You die...

#####
#...#
#...#
#.####)..#
#........#
######<..#
#....#
###.gg.#
#...s..#
#..##...#
#.# #...#
#.. #####
#. #


You could see 2 gnolls.

Vanquished Creatures
  A gnoll (D:2)
  2 oozes (D:1)
  2 giant geckos (D:1)
  A ball python (D:1)
  4 bats (D:1)
  4 goblins (D:1)
  3 hobgoblins (D:1)
  3 kobolds (D:1)
  3 rats (D:1)
23 creatures vanquished.

Notes
Turn   | Place    | Note
--------------------------------------------------------------
     0 | D:1      | Raultor the Octopode Transmuter began the quest for the Orb.
     0 | D:1      | Reached XP level 1. HP: 13/13 MP: 3/3
   184 | D:1      | Reached XP level 2. HP: 5/18 MP: 5/5
   838 | D:1      | Reached XP level 3. HP: 21/23 MP: 6/6
  1248 | D:1      | Learned a level 3 spell: Spider Form
  1324 | D:2      | Slain by a gnoll

Vault maps used:
D:1:      lightli_molten_gateway
D:2:      okawaru_altar_gauntlet_db, grunt_gozag_statues, uniq_terence,
          uniq_iyjb

Action                   || total
-------------------------++-------
Melee: Unarmed           ||    47
 Fire: Hunting sling     ||     1
 Cast: Spider Form       ||     2
 Stab: Sleeping          ||     7
  Eat: Bread ration      ||     1
